 Dungeon Crawl Stone Soup version 0.29.1-2-gbd0b4ee654 (webtiles) character file.

Game seed: 3100262815554819394

7300 H0rd4k the Martial Artist (level 11, -7/67 HPs)
             Began as an Octopode Transmuter on Oct 24, 2022.
             Killed by divine providence
             ... invoked by a smoke demon
              (15 damage)
             ... on level 11 of the Dungeon.
             The game lasted 00:12:42 (9676 turns).

H0rd4k the Martial Artist (Octopode Transmuter)     Turns: 9676, Time: 00:12:43

Health: -7/67      AC:  5    Str:  9    XL:     11   Next: 13%
Magic:  21/21      EV: 15    Int: 21    God:
Gold:   505        SH:  0    Dex: 12    Spells: 16/23 levels left

rFire   . . .      SeeInvis .     - Unarmed
rCold   . . .      Faith    .   (no shield)
rNeg    + . .      Spirit   .   (helmet restricted)
rPois   .          Reflect  .   (no amulet)
rElec   .          Harm     .   j - +4 ring of protection
rCorr   .          Rampage  .   m - ring of positive energy
Will    .....                   (no ring)
Stlth   ++........              (no ring)
HPRegen 0.21/turn               (no ring)
MPRegen 0.17/turn               (no ring)
                                (no ring)
                                (no ring)

@: weak-willed, weakened
A: almost no armour, amphibious, 8 rings, camouflage 1, gelatinous body 1,
(nimble swimmer 1), tentacles
a: no special abilities


You were on level 11 of the Dungeon.
You visited 1 branch of the dungeon, and saw 11 of its levels.

You collected 505 gold pieces.

Inventory:

Missiles
 o - a throwing net
 p - a curare-tipped dart
 x - 6 poisoned darts (quivered)
Jewellery
 j - a +4 ring of protection (left tentacle)
 m - a ring of positive energy (right tentacle)
Wands
 g - a wand of roots (6)
 r - a wand of flame (27)
 s - a wand of acid (12)
 y - a wand of paralysis (1)
Scrolls
 d - 7 scrolls of teleportation
 e - 2 scrolls of blinking
 f - 3 scrolls of torment
 v - a scroll of enchant armour {unknown}
 w - a scroll of immolation {unknown}
 A - a scroll of identify
Potions
 a - 5 potions of lignification
 c - a potion of might {unknown}
 h - 2 potions of cancellation
 i - 2 potions of mutation {unknown}
 n - 2 potions of degeneration
 q - a potion of heal wounds
 t - a potion of magic
 u - a potion of attraction {unknown}
 z - a potion of invisibility {unknown}


   Skills:
 + Level 3.4 Fighting
 + Level 3.2 Throwing
 + Level 6.2 Dodging
 + Level 11.3 Unarmed Combat
 * Level 6.7 Spellcasting
 + Level 5.8 Transmutations
 + Level 2.3 Fire Magic
 + Level 4.9 Poison Magic
 + Level 0.5 Evocations


You had 16 spell levels left.
You knew the following spells:

 Your Spells              Type           Power      Damage    Failure   Level
a - Beastly Appendage     Tmut           62%        N/A       1%          1
b - Ignite Poison         Fire/Tmut/Pois 25%        N/A       4%          3
c - Spider Form           Tmut/Pois      29%        N/A       3%          3

Your spell library contained the following spells:

 Spells                   Type           Power      Damage    Failure   Level
 Wereblood                Tmut           31%        N/A       1%          2
 Passwall                 Tmut/Erth      15%        N/A       4%          2
 Ensorcelled Hibernation  Hex/Ice        14%        N/A       14%         2
 Conjure Flame            Conj/Fire      11%        6-21      17%         3
 Dazzling Flash           Conj/Hex       14%        N/A       26%         3
 Ozocubu's Armour         Ice            7%         N/A       26%         3
 Summon Guardian Golem    Hex/Summ       7%         N/A       26%         3
 Swiftness                Air            7%         N/A       26%         3
 Ice Form                 Ice/Tmut       19%        N/A       26%         4
 Sticky Flame             Conj/Fire      11%        2d3       50%         4
 Fulminant Prism          Conj/Hex       3%         3d6       65%         4
 Iskenderun's Mystic Bla  Conj/Tloc      7%         2d4       65%         4
 Fireball                 Conj/Fire      5%         3d5       83%         5
 Iskenderun's Battlesphe  Conj           7%         2d6       94%         5
 Lee's Rapid Deconstruct  Erth           3%         3d6*      94%         5
 Conjure Ball Lightning   Conj/Air       3%         3x3d6     100%        6
 Starburst                Conj/Fire      5%         6d4       100%        6
 Orb of Destruction       Conj           3%         9d5       100%        7
 Ozocubu's Refrigeration  Ice            3%         4d8       100%        7
 Spellforged Servitor     Conj/Summ      3%         N/A       100%        7


Dungeon Overview and Level Annotations

Branches:
Dungeon (11/15)               Orc (0/2) D:10
 Temple: D:4-7         Lair: D:8-11

Altars:
Cheibriados
Elyvilon
Fedhas
Sif Muna
Yredelemnul

Shops:
D:10 !

Annotations:
D:2 Terence
D:4 4 runed translucent doors, exclusions: 4 doors and iron imp, Crazy Yiuf; Poofo's ghost, novice MiHu
D:6 Blork the orc; Dowan
D:9 exclusion: upstairs
D:10 exclusions: gargoyle, troll and wraith


Innate Abilities, Weirdness & Mutations

You cannot wear most types of armour.
You are amphibious.
You can wear up to eight rings at the same time.
Your skin changes colour to match your surroundings (Stealth+).
Your rubbery body absorbs attacks. (AC +1, EV +1)
((You are camouflaged when in or above water. (Stealth+)))
You have tentacles for arms and can constrict up to eight enemies at once.


Message History

You feel your attacks grow feeble. The salamander tyrant hits your kobold!
Your kobold dies!
Your kobold's corpse dissolves into shadows!
You see here a clear potion.
The salamander tyrant gazes fiercely through you!
You feel as though you will be weak longer.
The salamander tyrant hits your kobold.
Your kobold dies!
Your kobold's corpse dissolves into shadows!
Your kobold demonologist hits the salamander tyrant with a +0 dagger.
The salamander tyrant hits your yak.
Your yak is engulfed in flames!
Your kobold demonologist hits the salamander tyrant but does no damage.
Your yak gores the salamander tyrant!!
The salamander tyrant hits your yak!
Your yak is engulfed in flames!!
Your yak dies!
Your yak's corpse dissolves into shadows!
Your kobold demonologist hits the salamander tyrant but does no damage.
The salamander tyrant completely misses your yak.
Your kobold demonologist hits the salamander tyrant with a +0 dagger.
Your yak gores the salamander tyrant!
The salamander tyrant hits your yak.
Your yak is engulfed in flames!
Your yak gores the salamander tyrant!
Your kobold demonologist hits the salamander tyrant but does no damage.
Your yak dissolves into shadows!
The smoke demon gestures at you. Something smites you!
* * * LOW HITPOINT WARNING * * *
The salamander tyrant hits your kobold demonologist.
Your kobold demonologist is engulfed in flames!!
Your yak barely misses the salamander tyrant.
Your kobold demonologist hits the salamander tyrant but does no damage.
The salamander tyrant gazes fiercely through your kobold demonologist!
Your kobold demonologist looks weaker.
The salamander tyrant completely misses your kobold demonologist.
Your yak gores the salamander tyrant.
Your kobold demonologist casts a spell.
The smoke demon gestures at you. Something smites you!
You die...

... .. .. ##+## .
#...+ #. #4.#
.############K.#####
.#.........#KV.....+
.').......3NYYY.@..#
.#..###....##K.##+##
##..###....##..#
#....#....#...#
#....+....+.K.#
#....#....##..#
#...##.N..###+#
#...##....##..#
.'.............#


You could see a salamander tyrant (distracted, ally target), a smoke demon, a
friendly orange demon (summoned), a friendly kobold demonologist (summoned,
weak), 3 friendly yaks, a friendly vampire (summoned), a friendly kobold brigand
(summoned) and a friendly kobold (summoned).

Vanquished Creatures
  A two-headed ogre (D:11)
  Pikel (D:6)
  A manticore (D:10)
  A smoke demon (D:11)
  A gargoyle (D:11)
  A kobold demonologist (D:10)
  3 unseen horror zombies (D:10)
  Psyche (D:10)
  A hornet (D:7)
  A meliai zombie (D:10)
  A shadow (D:10)
  A wyvern (D:9)
  3 yaks (D:10)
  A steam dragon (D:9)
  An acid dragon (D:8)
  2 water moccasins (D:6)
  A black bear (D:5)
  A centaur (D:6)
  A kobold brigand (D:10)
  3 bullfrogs
  2 necrophages
  5 scorpions
  6 wights (D:10)
  3 howler monkeys (D:9)
  A jelly (D:6)
  4 centaur zombies (D:10)
  A human zombie (D:10)
  2 hounds (D:5)
  2 orc wizards
  Robin (D:2)
  3 gnolls (D:7)
  7 adders
  4 shadow imps
  3 white imps
  An ufetubus (D:5)
  2 dart slugs
  15 orcs
  9 endoplasms
  2 giant cockroaches
  7 goblins
  7 hobgoblins
  3 jackals (D:2)
  7 kobolds
  4 quokkas
  5 ball pythons
  6 bats
  2 frilled lizards
  9 rats
150 creatures vanquished.

Vanquished Creatures (others)
  An orc wizard (D:9)
  2 fungi (D:4)
  2 plants (D:4)
5 creatures vanquished.

Grand Total: 155 creatures vanquished

Notes
Turn   | Place    | Note
-------+----------+-------------------------------------------
     0 | D:1      | H0rd4k the Octopode Transmuter began the quest for the Orb.
     0 | D:1      | Reached XP level 1. HP: 13/13 MP: 3/3
   104 | D:1      | Found a faded altar of an unknown god.
   171 | D:1      | Reached XP level 2. HP: 17/18 MP: 5/5
   540 | D:1      | Reached XP level 3. HP: 22/23 MP: 6/6
  1028 | D:2      | Noticed Terence
  1090 | D:2      | Reached skill level 4 in Unarmed Combat
  1090 | D:2      | Noticed Robin
  1095 | D:2      | Killed Robin
  1703 | D:3      | Reached XP level 4. HP: 28/28 MP: 7/7
  2011 | D:3      | Found a blossoming altar of Fedhas.
  2290 | D:4      | Noticed a scorpion
  2319 | D:3      | Killed a scorpion
  2320 | D:3      | Reached skill level 5 in Unarmed Combat
  2320 | D:3      | Reached XP level 5. HP: 14/33 MP: 8/8
  2572 | D:4      | Reached XP level 6. HP: 19/38 MP: 8/10
  2766 | D:4      | Found a runed translucent gate.
  2766 | D:4      | Found a runed translucent gate.
  2766 | D:4      | Found a runed translucent gate.
  2784 | D:4      | Noticed Poofo's ghost (novice MiHu)
  2879 | D:4      | Found a runed translucent door.
  2880 | D:4      | Noticed Crazy Yiuf
  3164 | D:4      | Found a snail-covered altar of Cheibriados.
  3307 | D:5      | Entered Level 5 of the Dungeon
  3557 | D:5      | Reached skill level 6 in Unarmed Combat
  3780 | D:5      | Found a white marble altar of Elyvilon.
  3796 | D:5      | Reached skill level 1 in Throwing
  3881 | D:5      | Noticed a black bear
  3883 | D:5      | Reached XP level 7. HP: 43/43 MP: 9/11
  4287 | D:5      | Learned a level 3 spell: Ignite Poison
  4379 | D:6      | Noticed Pikel
  4394 | D:6      | Killed Pikel
  4395 | D:6      | Reached skill level 7 in Unarmed Combat
  4395 | D:6      | Reached XP level 8. HP: 43/48 MP: 13/13
  4914 | D:6      | Noticed Dowan
  5018 | D:6      | Noticed Blork the orc
  5083 | D:7      | Learned a level 3 spell: Spider Form
  5744 | D:7      | Noticed a hornet
  5774 | D:7      | Killed a hornet
  5775 | D:7      | Reached XP level 9. HP: 52/54 MP: 11/15
  6102 | D:8      | You fall into a shaft and drop 1 floor!
  6126 | D:8      | Reached skill level 8 in Unarmed Combat
  6936 | D:10     | Entered Level 10 of the Dungeon
  6936 | D:10     | Noticed Psyche
  7107 | D:10     | Killed Psyche
  7108 | D:10     | Reached skill level 5 in Spellcasting
  7176 | D:10     | Found a shimmering blue altar of Sif Muna.
  7193 | D:10     | Noticed a troll
  7244 | D:10     | Noticed a kobold demonologist
  7249 | D:10     | Noticed a red devil
  7254 | D:10     | Killed a kobold demonologist
  7267 | D:10     | Reached skill level 5 in Dodging
  7375 | D:10     | Found a staircase to the Orcish Mines.
  7383 | D:10     | Reached skill level 9 in Unarmed Combat
  7421 | D:10     | Found Fijum's Distillery.
  7424 | D:10     | Noticed a manticore
  7438 | D:10     | Killed a manticore
  7439 | D:10     | Reached skill level 5 in Transmutations
  7439 | D:10     | Reached XP level 10. HP: 32/61 MP: 15/18
  8434 | D:10     | Noticed a gargoyle
  8655 | D:10     | Reached skill level 10 in Unarmed Combat
  8960 | D:10     | Found a basalt altar of Yredelemnul.
  9589 | D:11     | Noticed a two-headed ogre
  9601 | D:11     | Killed a two-headed ogre
  9602 | D:11     | Reached skill level 11 in Unarmed Combat
  9602 | D:11     | Reached XP level 11. HP: 52/67 MP: 17/20
  9660 | D:11     | Noticed a salamander tyrant
  9676 | D:11     | Killed from afar by a smoke demon

Illustrated notes

Levels and vault maps discovered:
D:1:      saegor_arrival_simple_c, layout_rooms,
          shapermc_ecumenical_altar_mp_urbaneastern, serial_rivers,
          chequers_serial_rivers_marsh, chequers_serial_rivers_micro_d,
          chequers_serial_rivers_micro_a, chequers_serial_rivers_large_b,
          chequers_serial_rivers_marsh, minmay_split_cup_small
D:2:      layout_rooms, roderic_roman_lattice, uniq_terence, uniq_robin
D:3:      minmay_angry_zag, layout_basic, mainiacjoe_overflow_alcove_1
D:4:      layout_basic, slow_altar_2, serial_rivers,
          chequers_serial_rivers_micro_b, chequers_serial_rivers_micro_c,
          chequers_serial_rivers_micro_b, chequers_serial_rivers_micro_c,
          chequers_serial_rivers_small_b, gammafunk_ghost_nasty_kobolds,
          grunt_ministairs_13, uniq_crazy_yiuf_cottage
D:5:      layout_loops_ring, nicolae_elyvilon_peaceful_grove,
          chequers_decorated_corner
D:6:      layout_basic, riverfiend_overflow_shadow_ancestor,
          minmay_temple_entry_fiery, uniq_grinder, uniq_duvessa,
          uniq_blork_the_orc, uniq_pikel
D:7:      layout_gridville, nicolae_fountain_basement
D:8:      layout_basic, mainiacjoe_overflow_catwalk_spiral,
          hellmonk_guarded_unrand_frostbite
D:9:      layout_small_grid, nicolae_overflow_hidden_temple
D:10:     layout_loops_ring, nicolae_sif_muna_condensation,
          lemuel_mausoleum_altar_yredelemnul, orc_0_dummy, serial_shops,
          nicolae_take_the_stairs, nicolae_zen_rock_garden, uniq_psyche
D:11:     minmay_firetagon, layout_gridville, lair_entry_dummy,
          gauntlet_entry_generic

Skill      XL: |  1  2  3  4  5  6  7  8  9 10 |
---------------+-------------------------------+-----
Unarmed Combat | 4 5 6 7 9 11 | 11.3
Dodging        | 3 4 5 6 |  6.2
Throwing       | 1 2 3 |  3.2
Spellcasting   | 3 4 5 6 |  6.7
Transmutations | 3 5 |  5.8
Fire Magic     | 2 |  2.3
Poison Magic   | 2 3 4 |  4.9
Fighting       | 2 3 |  3.4
Evocations     | |  0.5

Action                   |  1- 3 |  4- 6 |  7- 9 | 10-12 || total
-------------------------+-------+-------+-------+-------++-------
Melee: Unarmed           |    89 |    94 |   183 |   126 ||   492
       Constrict         |    23 |    25 |    14 |    12 ||    74
       Tentacles         |    17 |    21 |    18 |    39 ||    95
       Punch             |     1 |     2 |     4 |     4 ||    11
       Kick              |       |    10 |    13 |    35 ||    58
Throw: Dart              |       |    20 |    15 |       ||    35
       Throwing net      |       |       |     1 |       ||     1
 Cast: Beastly Appendage |       |     4 |     6 |     7 ||    17
       Spider Form       |       |       |    12 |     2 ||    14
Evoke: Wand              |       |       |       |     6 ||     6
  Use: Scroll            |       |       |     7 |     3 ||    10
       Potion            |       |       |     2 |     1 ||     3
 Stab: Sleeping          |    10 |     3 |       |     6 ||    19
Armor: Skin              |     4 |    24 |    33 |    25 ||    86
Dodge: Dodged            |    39 |    61 |   142 |   105 ||   347
